 Dungeon Crawl Stone Soup version 0.29-a0-994-gc5c9f59d18 (webtiles) character file.

Game seed: 8564913668431180135

11 frimble the Digger (level 2, -4/19 HPs)
             Began as a Demonspawn Earth Elementalist on Aug 3, 2022.
             Slain by a goblin
             ... wielding a +0 lajatang
              (10 damage)
             ... on level 1 of the Dungeon.
             The game lasted 00:00:34 (423 turns).

frimble the Digger (Demonspawn Earth Elementalist)   Turns: 423, Time: 00:00:34

Health: -4/19      AC:  3    Str:  8    XL:     2   Next: 17%
Magic:  4/5        EV: 12    Int: 16    God:
Gold:   0          SH:  5    Dex: 13    Spells: 4/5 levels left

rFire   . . .      SeeInvis .   (no weapon)
rCold   . . .      Faith    .   (no shield)
rNeg    . . .      Spirit   .   a - +0 robe
rPois   .          Reflect  +   e - +0 helmet
rElec   .          Harm     .   (no cloak)
rCorr   .          Rampage  .   (no gloves)
Will    .....                   (no boots)
Stlth   ++........              d - amulet of reflection
HPRegen 0.06/turn               (no ring)
MPRegen 0.09/turn               (no ring)

@: no status effects
A: foul stench 1
a: no special abilities


You were on level 1 of the Dungeon.
You visited 1 branch of the dungeon, and saw 1 of its levels.

Inventory:

Armour
 a - a +0 robe (worn)
 e - a +0 helmet (worn)
Jewellery
 d - an amulet of reflection (around neck)
Potions
 b - a potion of magic
 c - a potion of haste {unknown}


   Skills:
 + Level 2.0 Dodging
 - Level 1.8 Stealth
 + Level 2.0 Spellcasting
 + Level 1.2 Transmutations
 + Level 2.9 Earth Magic


You had 4 spell levels left.
You knew the following spells:

 Your Spells              Type           Power      Damage    Failure   Level
a - Sandblast             Erth           20%        2d7       6%          1

Your spell library contained the following spells:

 Spells                   Type           Power      Damage    Failure   Level
 Passwall                 Tmut/Erth      6%         N/A       13%         2
 Stone Arrow              Conj/Erth      12%        3d7       34%         3
 Petrify                  Tmut/Erth      8%         N/A       65%         4


Dungeon Overview and Level Annotations

Branches:
Dungeon (1/15)

Altars:


Innate Abilities, Weirdness & Mutations

You may rarely emit foul miasma when damaged in melee.


Message History

You see here a +0 helmet.
A frilled lizard comes into view.
A frilled lizard is nearby!
A frilled lizard is nearby!
You see here a +0 helmet.
e - a +0 helmet You start putting on your armour.
You continue putting on your +0 helmet. x4
You finish putting on your +0 helmet.
You start putting on your amulet.
You continue putting on your amulet of reflection. x3
The frilled lizard hisses angrily.
You continue putting on your amulet of reflection. x2
You finish putting on your amulet of reflection.
You feel a shielding aura gather around you.
d - an amulet of reflection (around neck)
Aiming: Sandblast (safe; 6% risk of failure)
Press: ? - help, Q - select action Shift-Dir - straight line, f - frilled lizard
Aim: a frilled lizard (70% to hit)
The blast of sand misses the frilled lizard.
A goblin comes into view. It is wielding a +0 club.
The goblin moves out of view.
A frilled lizard is nearby!
Aiming: Sandblast (safe; 6% risk of failure)
Press: ? - help, Q - select action Shift-Dir - straight line, f/p - frilled lizard
Aim: a frilled lizard (70% to hit)
The blast of sand hits the frilled lizard!
You kill the frilled lizard!
A goblin is nearby!
A goblin is nearby!
A goblin is nearby!
Aiming: Sandblast (safe; 6% risk of failure)
Press: ? - help, Q - select action Shift-Dir - straight line, f - goblin
Aim: a goblin, wielding a +0 lajatang (wandering, hasn't noticed you, 77% to hit)
The blast of sand misses the goblin.
The goblin shouts!
The goblin hits you with a +0 lajatang!
Ouch! That really hurt!
The goblin hits you with a +0 lajatang!
Ouch! That really hurt!
You die...

###############
...........##..
#...........#.#
#.......†...#.#
#.....g@....#.# .#
..#######+#.#.##.#
#.#.#.##.#
#.#.#.##.#
#........##
#####.....#
#....).# ...
#......# #..
###......# #..


You could see a goblin.

Vanquished Creatures
  A ball python (D:1)
  A bat (D:1)
  3 giant cockroaches (D:1)
  2 goblins (D:1)
  A frilled lizard (D:1)
  3 rats (D:1)
11 creatures vanquished.

Notes
Turn   | Place    | Note
-------+----------+-------------------------------------------
     0 | D:1      | frimble the Demonspawn Earth Elementalist began the quest
                  | for the Orb.
     0 | D:1      | Reached XP level 1. HP: 13/13 MP: 3/3
    39 | D:1      | Reached skill level 1 in Transmutations
   156 | D:1      | Gained mutation: You may rarely emit foul miasma when
                  | damaged in melee. [demonic ancestry]
   156 | D:1      | Reached XP level 2. HP: 18/19 MP: 1/5
   423 | D:1      | Slain by a goblin

Illustrated notes

Levels and vault maps discovered:
D:1:      dpeg_arrival_prison, layout_basic

Skill      XL: |  1 |
---------------+----+-----
Transmutations | 1 |  1.2
Dodging        | 2 |  2.0
Stealth        | |  1.8
Spellcasting   | |  2.0
Earth Magic    | |  2.9

Action                   || total
-------------------------++-------
Melee: Unarmed           ||     3
 Cast: Sandblast         ||    16
Armor: Robe              ||     1
Dodge: Dodged            ||     9

Table legend: (Time is in decaauts)
 A = Elapsed time spent in this place.
 B = Non-inter-level travel time spent in this place.
 C = Inter-level travel time spent in this place.
 D = Time resting spent in this place.
 E = Time spent auto-exploring this place.
 F = Levels seen in this place.
 G = Mean time per level.
                   A        B        C        D        E       F      G
               +--------+--------+--------+--------+--------+-----+--------+
         Total |    438 |    438 |      0 |      0 |    367 |   1 |  438.0 |
       Dungeon |    438 |    438 |      0 |      0 |    367 |   1 |  438.0 |
               +--------+--------+--------+--------+--------+-----+--------+

Top non-repeatable levels by time:
     D:1: 438 daAuts
